General information
- name: BNet
- type: Ladder team game (AT/RT)
- host: Battle.net
- saver: LoveAndHate
map: Mur'gulOasis
- players: 8
- length: 20:52
- speed: Fast
- version: 1.26 W3XP
- replay type: Public
» download(162 KB)
Players
team 1 (loser)
bailong (
yellow | 69 APM | 1420 actions | 20:37)
3 Archmage
2 Blizzard
1 Brilliance Aura
» actions
| Assign group hotkey | 42 | |
| Basic commands | 2 | |
| Build / train | 87 | |
| Enter build submenu | 20 | |
| Enter hero's abilities submenu | 4 | |
| Give item / drop item | 3 | |
| Remove unit from queue | 4 | |
| Right click | 570 | |
| Select / deselect | 245 | |
| Select group hotkey | 328 | |
| Use ability | 114 | |
1420 total
» units
| Peasant | 21 | |
| Footman | 8 | |
| Mortar Team | 16 | |
| Sorceress | 5 | |
50 total
» upgrades
| Masonry | 2 | |
| Gunpowder | 2 | |
| Armor | 1 | |
| Sorceress Training | 1 | |
6 total
» buildings
| Altar of Kings | 1 | |
| Farm | 18 | |
| Barracks | 1 | |
| Lumber Mill | 1 | |
| Scout Tower | 8 | |
| Guard Tower | 7 | |
| Arcane Tower | 1 | |
| Blacksmith | 1 | |
| Keep | 2 | |
| Arcane Vault | 1 | |
| Arcane Sanctum | 1 | |
| Workshop | 2 | |
44 total
» build order
00:26 Altar of Kings
00:37 Farm
00:53 Barracks
01:02 Farm
01:04 Farm
01:05 Farm
01:06 Farm
01:07 Farm
01:10 Lumber Mill
01:54 Farm
01:55 Farm
01:56 Farm
02:01 Scout Tower
02:02 Scout Tower
02:04 Scout Tower
02:04 Scout Tower
02:14 Farm
02:15 Farm
02:16 Farm
02:19 Farm
02:20 Farm
03:05 Guard Tower
03:21 Guard Tower
03:35 Guard Tower
03:54 Guard Tower
04:43 Scout Tower
04:44 Scout Tower
04:51 Scout Tower
04:52 Scout Tower
05:11 Guard Tower
05:15 Arcane Tower
05:29 Guard Tower
05:49 Blacksmith
05:55 Farm
05:58 Guard Tower
05:58 Guard Tower
05:58 Guard Tower
06:57 Keep
06:57 Keep
07:01 Farm
07:02 Farm
07:03 Farm
08:48 Arcane Vault
09:52 Arcane Sanctum
10:00 Workshop
10:02 Workshop
» items
| Boots of Speed | 1 | |
| Potion of Invisibility | 4 | |
| Staff of Teleportation | 1 | |
| Scroll of Town Portal | 3 | |
9 total
deathsmile (
purple | 46 APM | 967 actions | 20:51)
3 Far Seer
1 Feral Spirit
2 Chain Lighting
» actions
| Assign group hotkey | 102 | |
| Basic commands | 25 | |
| Build / train | 55 | |
| Enter build submenu | 33 | |
| Enter hero's abilities submenu | 3 | |
| Remove unit from queue | 2 | |
| Right click | 319 | |
| Select / deselect | 276 | |
| Select group hotkey | 83 | |
| Use ability | 69 | |
967 total
» units
| Peon | 17 | |
| Grunt | 11 | |
| Raider | 1 | |
| Troll Batrider | 7 | |
| Tauren | 1 | |
37 total
» upgrades
| Pillage | 1 | |
| Armor | 2 | |
| Melee Weapons | 1 | |
| Spiked Barricades | 2 | |
| Ranged Weapons | 0 | |
| Berserker Strength | 1 | |
| Ensnare | 1 | |
| Shaman Training | 1 | |
9 total
» buildings
| Orc Burrow | 8 | |
| Altar of Storms | 1 | |
| Barracks | 2 | |
| War Mill | 1 | |
| Stronghold | 1 | |
| Voodoo Lounge | 2 | |
| Watch Tower | 9 | |
| Fortress | 1 | |
| Beastiary | 2 | |
| Spirit Lodge | 1 | |
| Tauren Totem | 1 | |
29 total
» build order
00:21 Orc Burrow
00:36 Altar of Storms
00:51 Barracks
01:08 War Mill
01:49 Orc Burrow
03:21 Orc Burrow
04:57 Stronghold
05:28 Voodoo Lounge
05:56 Orc Burrow
06:31 Voodoo Lounge
06:58 Barracks
08:54 Watch Tower
10:37 Orc Burrow
10:59 Orc Burrow
11:12 Orc Burrow
11:19 Watch Tower
11:37 Orc Burrow
13:07 Watch Tower
13:10 Watch Tower
13:21 Watch Tower
14:00 Watch Tower
14:38 Fortress
14:43 Beastiary
15:17 Watch Tower
15:24 Beastiary
16:17 Watch Tower
16:26 Watch Tower
16:44 Spirit Lodge
17:22 Tauren Totem
» items
11811 (
pink | 41 APM | 842 actions | 20:47)
2 Archmage
1 Summon Water Elemental
1 Brilliance Aura
» actions
| Build / train | 54 | |
| Enter build submenu | 23 | |
| Enter hero's abilities submenu | 2 | |
| Remove unit from queue | 2 | |
| Right click | 493 | |
| Select / deselect | 216 | |
| Use ability | 52 | |
842 total
» units
| Peasant | 9 | |
| Mortar Team | 12 | |
| Siege Engine | 4 | |
25 total
» upgrades
| Lumber Harvesting | 2 | |
| Flare | 1 | |
| Fragmentation Shards | 1 | |
| Masonry | 3 | |
| Gunpowder | 2 | |
| Barrage | 1 | |
10 total
» buildings
| Lumber Mill | 1 | |
| Scout Tower | 6 | |
| Arcane Tower | 1 | |
| Guard Tower | 5 | |
| Keep | 1 | |
| Altar of Kings | 1 | |
| Farm | 10 | |
| Castle | 1 | |
| Blacksmith | 1 | |
| Workshop | 2 | |
| Arcane Vault | 1 | |
30 total
» build order
00:10 Lumber Mill
00:35 Scout Tower
01:01 Arcane Tower
01:06 Scout Tower
01:34 Guard Tower
01:37 Scout Tower
02:05 Keep
02:12 Scout Tower
02:25 Altar of Kings
02:33 Guard Tower
02:48 Guard Tower
02:56 Scout Tower
03:24 Farm
03:28 Guard Tower
03:33 Scout Tower
04:03 Guard Tower
04:37 Castle
04:55 Blacksmith
05:42 Workshop
06:42 Workshop
07:20 Farm
07:50 Farm
08:01 Arcane Vault
08:41 Farm
09:39 Farm
10:28 Farm
11:05 Farm
11:56 Farm
15:21 Farm
16:38 Farm
» items
| Scroll of Regeneration | 3 | |
| Potion of Healing | 1 | |
| Scroll of Town Portal | 2 | |
6 total
Enterprises (
orange | 48 APM | 1004 actions | 20:50)
1 Demon Hunter
1 Evasion
» actions
| Assign group hotkey | 1 | |
| Basic commands | 5 | |
| Build / train | 61 | |
| Enter build submenu | 18 | |
| Enter hero's abilities submenu | 1 | |
| Remove unit from queue | 21 | |
| Right click | 635 | |
| Select / deselect | 241 | |
| Use ability | 21 | |
1004 total
» units
| Wisp | 12 | |
| Archer | 11 | |
| Huntress | -2 | |
| Glaive Thrower | 1 | |
| Hippogryph | 4 | |
26 total
» upgrades
| Strength of the Moon | 2 | |
| Moon Armor | 2 | |
| Sentinel | 1 | |
| Improved Bows | 1 | |
| Ultravision | 1 | |
| Hippogryph Taming | 2 | |
| Upgrade Moon Glaive | 1 | |
10 total
» buildings
| Moon Well | 5 | |
| Altar of Elders | 1 | |
| Ancient of War | 2 | |
| Ancient of Wonders | 1 | |
| Hunter's Hall | 1 | |
| Tree of Ages | 1 | |
| Tree of Eternity | 1 | |
| Ancient of Wind | 2 | |
14 total
» build order
00:12 Moon Well
00:23 Altar of Elders
00:36 Ancient of War
01:32 Moon Well
02:05 Ancient of Wonders
02:45 Ancient of War
03:12 Moon Well
03:37 Hunter's Hall
05:38 Moon Well
08:43 Tree of Ages
13:25 Tree of Eternity
13:31 Ancient of Wind
14:18 Ancient of Wind
16:59 Moon Well
team 2 (winner)

»
AnsO (
teal | 72 APM | 1493 actions | 20:52)
4 Blademaster
2 Wind Walk
2 Critical Strike
3 Shadow Hunter
1 Healing Wave
2 Hex
1 Tauren Chieftain
1 Endurance Aura
» actions
| Basic commands | 8 | |
| Build / train | 58 | |
| Enter build submenu | 20 | |
| Enter hero's abilities submenu | 8 | |
| Give item / drop item | 2 | |
| Remove unit from queue | 1 | |
| Right click | 983 | |
| Select / deselect | 336 | |
| Use ability | 77 | |
1493 total
» units
| Peon | 7 | |
| Grunt | 4 | |
| Raider | 4 | |
| Shaman | 4 | |
| Troll Witch Doctor | 2 | |
| Troll Batrider | 2 | |
| Demolisher | 2 | |
| Wind Rider | 2 | |
27 total
» upgrades
| Ensnare | 1 | |
| Shaman Training | 2 | |
| Melee Weapons | 1 | |
| Liquid Fire | 1 | |
| Witch Doctor Training | 2 | |
| Reinforced Defenses | 1 | |
| Burning Oil | 1 | |
| Envenomed Spears | 1 | |
| Spiked Barricades | 1 | |
| Armor | 1 | |
| Ranged Weapons | 1 | |
13 total
» buildings
| Altar of Storms | 1 | |
| Orc Burrow | 6 | |
| Barracks | 1 | |
| Voodoo Lounge | 1 | |
| Stronghold | 1 | |
| War Mill | 1 | |
| Beastiary | 1 | |
| Spirit Lodge | 1 | |
| Fortress | 1 | |
| Watch Tower | 4 | |
18 total
» build order
00:08 Altar of Storms
00:18 Orc Burrow
00:40 Barracks
01:32 Orc Burrow
02:19 Voodoo Lounge
03:03 Stronghold
03:12 War Mill
03:31 Orc Burrow
04:45 Orc Burrow
04:49 Orc Burrow
05:45 Beastiary
05:50 Spirit Lodge
06:58 Fortress
11:22 Watch Tower
11:30 Watch Tower
17:52 Watch Tower
17:56 Watch Tower
18:03 Orc Burrow
» items
| Healing Salve | 1 | |
| Lesser Clarity Potion | 1 | |
| Scroll of Town Portal | 1 | |
| Orb of Lightning | 1 | |
4 total
LoveAndHate (
red | 66 APM | 1371 actions | 20:52)
6 Blood Mage
3 Flame Strike
2 Siphon Mana
1 Summon Phoenix
» actions
| Assign group hotkey | 148 | |
| Basic commands | 23 | |
| Build / train | 78 | |
| Enter build submenu | 33 | |
| Enter hero's abilities submenu | 6 | |
| Give item / drop item | 3 | |
| Remove unit from queue | 4 | |
| Right click | 505 | |
| Select / deselect | 320 | |
| Select group hotkey | 156 | |
| Use ability | 95 | |
1371 total
» units
| Peasant | 14 | |
| Footman | 5 | |
| Gryphon Rider | 6 | |
| Sorceress | 3 | |
28 total
» upgrades
| Lumber Harvesting | 2 | |
| Storm Hammers | 1 | |
| Swords | 2 | |
| Animal War Training | 1 | |
| Armor | 1 | |
| Sorceress Training | 1 | |
| Masonry | 1 | |
| Magic Sentry | 1 | |
10 total
» buildings
| Altar of Kings | 1 | |
| Barracks | 1 | |
| Farm | 7 | |
| Arcane Vault | 2 | |
| Keep | 1 | |
| Lumber Mill | 1 | |
| Arcane Sanctum | 1 | |
| Castle | 1 | |
| Gryphon Aviary | 3 | |
| Blacksmith | 2 | |
| Scout Tower | 22 | |
| Guard Tower | 6 | |
| Town Hall | 1 | |
49 total
» build order
00:40 Altar of Kings
00:41 Barracks
00:55 Farm
01:06 Farm
01:07 Farm
01:14 Farm
02:52 Arcane Vault
03:49 Keep
04:11 Farm
04:17 Lumber Mill
06:30 Arcane Sanctum
07:15 Castle
07:17 Gryphon Aviary
07:18 Gryphon Aviary
07:21 Gryphon Aviary
07:42 Blacksmith
07:44 Blacksmith
08:03 Scout Tower
08:04 Scout Tower
08:04 Scout Tower
08:05 Scout Tower
08:06 Scout Tower
08:07 Scout Tower
08:08 Scout Tower
08:10 Scout Tower
08:11 Scout Tower
08:59 Guard Tower
10:00 Guard Tower
11:10 Farm
11:14 Farm
14:33 Town Hall
14:36 Arcane Vault
14:39 Scout Tower
14:39 Scout Tower
14:39 Scout Tower
14:39 Scout Tower
14:40 Scout Tower
14:41 Scout Tower
14:42 Scout Tower
14:42 Scout Tower
15:12 Guard Tower
16:03 Guard Tower
16:07 Guard Tower
20:09 Scout Tower
20:09 Scout Tower
20:09 Scout Tower
20:09 Scout Tower
20:11 Scout Tower
20:50 Guard Tower
» items
| Scroll of Regeneration | 4 | |
| Periapt of Vitality | 1 | |
| Potion of Invisibility | 6 | |
| Staff of Teleportation | 1 | |
| Potion of Lesser Invulnerability | 2 | |
| Lesser Clarity Potion | 3 | |
| Healing Salve | 2 | |
| Potion of Healing | 1 | |
| Potion of Mana | 1 | |
21 total
Obamaisanagger (
green | 73 APM | 1524 actions | 20:52)
6 Death Knight
3 Death Coil
2 Unholy Aura
1 Animate Dead
4 Lich
2 Frost Nova
2 Frost Armor
» actions
| Assign group hotkey | 27 | |
| Basic commands | 61 | |
| Build / train | 48 | |
| ESC pressed | 2 | |
| Enter build submenu | 17 | |
| Enter hero's abilities submenu | 10 | |
| Give item / drop item | 2 | |
| Right click | 686 | |
| Select / deselect | 190 | |
| Select group hotkey | 417 | |
| Use ability | 64 | |
1524 total
» units
| Acolyte | 3 | |
| Ghoul | 4 | |
| Crypt Fiend | 13 | |
| Frost Wyrm | 5 | |
25 total
» upgrades
| Web | 1 | |
| Creature Carapace | 3 | |
| Freezing Breath | 1 | |
| Creature Attack | 1 | |
6 total
» buildings
| Crypt | 1 | |
| Graveyard | 1 | |
| Ziggurat | 7 | |
| Altar of Darkness | 1 | |
| Tomb of Relics | 1 | |
| Halls of the Dead | 1 | |
| Black Citadel | 1 | |
| Sacrificial Pit | 2 | |
| Boneyard | 3 | |
18 total
» build order
00:10 Crypt
00:22 Graveyard
00:40 Ziggurat
01:09 Altar of Darkness
01:34 Ziggurat
02:20 Tomb of Relics
03:21 Halls of the Dead
05:06 Ziggurat
07:03 Black Citadel
07:17 Ziggurat
09:01 Sacrificial Pit
09:05 Sacrificial Pit
09:59 Boneyard
10:01 Boneyard
10:05 Boneyard
11:54 Ziggurat
12:20 Ziggurat
12:21 Ziggurat
» items
| Rod of Necromancy | 1 | |
| Scroll of Town Portal | 1 | |
| Orb of Corruption | 1 | |
3 total
A.c.c.L (
blue | 79 APM | 1651 actions | 20:52)
5 Death Knight
3 Death Coil
1 Unholy Aura
1 Death Pact
» actions
| Assign group hotkey | 2 | |
| Basic commands | 10 | |
| Build / train | 51 | |
| Enter build submenu | 12 | |
| Enter hero's abilities submenu | 5 | |
| Right click | 1313 | |
| Select / deselect | 194 | |
| Select group hotkey | 3 | |
| Use ability | 61 | |
1651 total
» units
| Acolyte | 5 | |
| Ghoul | 4 | |
| Crypt Fiend | 7 | |
| Frost Wyrm | 8 | |
24 total
» upgrades
| Creature Carapace | 2 | |
| Creature Attack | 2 | |
| Burrow | 1 | |
| Web | 1 | |
| Freezing Breath | 1 | |
7 total
» buildings
| Crypt | 1 | |
| Graveyard | 1 | |
| Altar of Darkness | 1 | |
| Ziggurat | 7 | |
| Tomb of Relics | 1 | |
| Nerubian Tower | 1 | |
| Spirit Tower | 1 | |
| Halls of the Dead | 2 | |
| Black Citadel | 1 | |
| Sacrificial Pit | 1 | |
| Boneyard | 3 | |
| Necropolis | 1 | |
21 total
» build order
00:59 Crypt
01:03 Graveyard
01:05 Altar of Darkness
01:09 Ziggurat
01:31 Ziggurat
01:38 Tomb of Relics
02:23 Nerubian Tower
02:53 Ziggurat
03:55 Spirit Tower
05:29 Halls of the Dead
07:03 Ziggurat
08:51 Black Citadel
10:05 Sacrificial Pit
12:06 Boneyard
12:07 Boneyard
12:11 Boneyard
14:29 Ziggurat
14:31 Ziggurat
14:33 Ziggurat
17:37 Necropolis
19:39 Halls of the Dead
» items
| Healing Salve | 1 | |
| Potion of Healing | 4 | |
| Scroll of Town Portal | 2 | |
| Scroll of Speed | 1 | |
| Orb of Corruption | 1 | |
9 total
Chat log
(00:06 / All) LoveAndHate: He is quite naggy
(00:11 / All) LoveAndHate: I find his speeches so tiresome
(00:30 / All) Obamaisanagger: he just doesnt get capitalism
(00:37 / All) LoveAndHate: He doesn't get many things
(00:44 / All) Obamaisanagger: true that
(00:47 / All) LoveAndHate: He's been groomed for a long time
(01:00 / All) LoveAndHate: by his Jewish handlers
(01:13 / All) Obamaisanagger: lol
(01:27 / Allies) Obamaisanagger: more like socialist handlers
(01:42 / All) LoveAndHate: Are you GOP?
(02:01 / Allies) Obamaisanagger: im libertarian
(02:04 / Allies) Obamaisanagger: but vote republican yes
(02:19 / All) LoveAndHate: Are you for open borders?
(02:47 / Allies) Obamaisanagger: nice
(03:20 / All) LoveAndHate: big NFL fan?
(06:10 / Allies) A.c.c.L: bbbbbbbbbbbbbb
(07:05 / Allies) AnsO: caster
(09:27 / Allies) A.c.c.L: ty
(10:04 / Allies) LoveAndHate: gold?
(10:31 / Allies) Obamaisanagger: omg
(11:29 / Allies) LoveAndHate: watch out for invis morts
(11:36 / Allies) AnsO: docs
(12:54 / Allies) AnsO: b
(13:14 / Allies) LoveAndHate: move acos
(17:35 / Allies) LoveAndHate: they don't lkike you blue
(18:03 / Allies) LoveAndHate: stay
(18:25 / Allies) LoveAndHate: stay
(20:26 / All) LoveAndHate: I'd suggest not hitting my base sir *laughs*
(20:32 / All) LoveAndHate: Hello your spells are wearing off